AoeStats
← nanakusa

Arena

508202170Analyzed
4v4 RM · 11d ago on Sep 21, 2026· 37m 52s· 8 players
Game mode
Random Map
Map size
Large (8 player)
Population
200
Speed
Normal
Resources
Standard
Victory
Conquest
Starting age
Dark Age
Ending age
Imperial Age
RankedLock teamsTeams togetherTeam positionsShared explorationLock speedFull tech treeHidden civsTurbo modeCheats
Victory
Defeat
🇨🇳 Teutons · China
1481
+15
🇯🇵 Malay · Japan
1470
+15
🇮🇳 Huns · India
1445
+16
🇨🇳 Khmer · China
1404
+18
🇺🇸 Bohemians · United States
1493
-18
🇨🇳 Franks · China
1474
-17
🇨🇳 Magyars · China
1417
-15
🇩🇪 Berbers · Germany
1404
-14
snek_fan
10:02 Feudal Age
14:28 Castle Age
12:22 Double-Bit Axe
13:17 Horse Collar
21:07 Wheelbarrow
20:50 Bow Saw
27:22 Imperial Age
25:12 Masonry
25:32 Fletching
25:43 Gold Mining
25:56 Heavy Plow
26:01 Loom
27:40 Hand Cart
27:55 Bodkin Arrow
29:01 Bracer
30:04 Town Watch
32:10 Padded Archer Armor
32:46 Conscription
33:12 Ballistics
33:53 Chemistry
33:47 Leather Archer Armor
34:20 Parthian Tactics
34:16 Thumb Ring
36:32 Heavy Cavalry Archer
nanakusa
11:11 Feudal Age
11:50 Wheelbarrow
15:28 Castle Age
13:26 Double-Bit Axe
13:53 Horse Collar
15:54 Bow Saw
18:37 Town Watch
19:36 Gold Mining
20:56 Heavy Plow
28:24 Imperial Age
25:43 Loom
26:44 Fletching
26:55 Padded Archer Armor
27:17 Ballistics
27:37 Gold Shaft Mining
28:04 Hand Cart
27:49 Bodkin Arrow
28:17 Conscription
27:49 Crossbowman
28:35 Thumb Ring
28:05 Pikeman
29:26 Bracer
31:45 Arbalester
32:44 Leather Archer Armor
33:31 Chemistry
33:07 Crop Rotation
33:09 Squires
33:22 Forging
34:22 Halberdier
35:03 Squires
36:39 Ring Archer Armor
蒜香骨
8:36 Feudal Age
13:31 Castle Age
11:43 Horse Collar
12:25 Double-Bit Axe
15:32 Bow Saw
20:33 Wheelbarrow
22:15 Loom
23:46 Town Watch
24:42 Scale Barding Armor
24:47 Forging
27:18 Imperial Age
24:23 Light Cavalry
25:04 Husbandry
27:03 Chain Barding Armor
27:19 Iron Casting
26:59 Bloodlines
27:35 Hussar
29:27 Plate Barding Armor
30:12 Elite Battle Elephant
33:38 Conscription
34:35 Tusk Swords
35:46 Gold Mining
36:14 Hand Cart
35:59 Town Patrol
38:42 Blast Furnace
G.E.M
10:40 Feudal Age
14:52 Castle Age
14:15 Loom
14:26 Double-Bit Axe
14:22 Horse Collar
17:16 Bow Saw
19:18 Fletching
21:51 Devotion
25:00 Sanctity
27:54 Forging
27:44 Scale Mail Armor
27:11 Pikeman
29:48 Squires
31:50 Wheelbarrow
32:13 Town Watch
34:02 Hand Cart
37:05 Imperial Age
36:09 Iron Casting
35:34 Scale Mail Armor
boo
8:37 Feudal Age
13:52 Castle Age
12:44 Double-Bit Axe
16:23 Fervor
18:19 Sanctity
20:32 Atonement
21:05 Redemption
26:55 Wheelbarrow
26:05 Loom
27:05 Atonement
eraycoskun33
10:28 Feudal Age
11:17 Double-Bit Axe
11:17 Horse Collar
12:20 Wheelbarrow
16:31 Castle Age
15:45 Gold Mining
16:26 Bloodlines
18:08 Scale Barding Armor
25:26 Chain Barding Armor
123456
10:35 Feudal Age
14:54 Castle Age
13:34 Double-Bit Axe
14:04 Horse Collar
15:50 Bow Saw
21:05 Wheelbarrow
20:18 Town Watch
23:58 Heavy Plow
28:49 Imperial Age
26:26 Loom
26:59 Hand Cart
28:10 Fletching
28:38 Padded Archer Armor
29:34 Ballistics
29:25 Bodkin Arrow
29:59 Conscription
29:20 Heavy Cavalry Archer
30:49 Bracer
31:06 Leather Archer Armor
31:23 Parthian Tactics
31:14 Gold Mining
31:17 Stone Mining
34:12 Chemistry
32:56 Capped Ram
35:07 Two-Man Saw
35:14 Ring Archer Armor
35:10 Recurve Bow
37:30 Scale Barding Armor
37:11 Treadmill Crane
37:42 Masonry
黛冬优子
10:28 Feudal Age
14:23 Castle Age
14:31 Wheelbarrow
13:46 Double-Bit Axe
15:21 Bow Saw
22:35 Gold Mining
23:51 Gold Shaft Mining
27:46 Imperial Age
25:55 Forging
26:19 Hand Cart
26:54 Scale Barding Armor
27:37 Husbandry
28:27 Chain Barding Armor
28:48 Conscription
27:49 Cavalier
28:55 Chivalry
29:34 Iron Casting
29:43 Plate Barding Armor
28:30 Capped Ram
29:05 Paladin
31:28 Blast Furnace
32:27 Scale Mail Armor
31:50 Pikeman
32:31 Squires
32:16 Arson
32:36 Halberdier
33:34 Chain Mail Armor
34:49 Plate Mail Armor
Connection lost

Rejoining the realm…

Still unreachable

The connection could not be restored.

Session expired

The server has moved on; the page needs a fresh start.